 Dungeon Crawl Stone Soup version 0.28.0-45-g0d030f2227 (webtiles) character file.

Game seed: 3907364193310083918

87 101zpm the Insei (level 4, -3/32 HPs)
             Began as a Djinni Transmuter on Apr 10, 2022.
             Slain by an orc
             ... wielding a +0 mace
              (7 damage)
             ... on level 2 of the Dungeon.
             The game lasted 00:12:02 (3741 turns).

101zpm the Insei (Djinni Transmuter)                Turns: 3741, Time: 00:12:03

Health: -3/32      AC:  2    Str:  9    XL:     4   Next: 80%
Gold:   63         EV: 12    Int: 17    God:
                   SH:  0    Dex: 13

rFire   + + .      SeeInvis .     - Unarmed
rCold   x . .      Faith    .   (no shield)
rNeg    . . .      Spirit   .   a - +0 robe
rPois   ∞          Reflect  .   (no helmet)
rElec   .          Harm     .   (no cloak)
rCorr   .          Rampage  .   (no gloves)
Will    .....                   (boots unavailable)
Stlth   ++........              (no amulet)
HPRegen 0.10/turn               (no ring)
MPRegen 0.00/turn               (no ring)

@: wereblooded, flying
A: sickness immunity, fire resistance 2, cold vulnerability 1, float, innate
caster, HP casting, extra vitality 1
a: no special abilities


You were on level 2 of the Dungeon.
You visited 1 branch of the dungeon, and saw 3 of its levels.

You collected 63 gold pieces.

Inventory:

Missiles
 d - 2 javelins (quivered)
Armour
 a - a +0 robe (worn)
Wands
 g - a wand of flame (20)
Scrolls
 b - 5 scrolls of identify {unknown}
 e - a scroll of amnesia {unknown}
 f - a scroll of vulnerability {unknown}
 h - a scroll of teleportation {unknown}
 l - a scroll of noise {unknown}
 m - a scroll of immolation {unknown}
Potions
 i - a potion of haste {unknown}
 j - a potion of curing {unknown}
 k - a potion of mutation {unknown}


   Skills:
 + Level 1.1 Fighting
 + Level 0.5 Throwing
 + Level 2.8 Dodging
 + Level 0.8 Stealth
 + Level 4.1 Unarmed Combat
 + Level 2.0 Spellcasting
 + Level 0.1 Evocations


You couldn't memorise any spells.
You knew the following spells:

 Your Spells              Type           Power      Damage    Failure   Level
a - Beastly Appendage     Tmut           16%        N/A       9%          1
b - Wereblood             Tmut           8%         N/A       13%         2
c - Spider Form           Tmut/Pois      8%         N/A       26%         3
d - Ice Form              Ice/Tmut       8%         N/A       63%         4
e - Pain                  Necr           32%        1d5       9%          1
Your spell library was empty.

Dungeon Overview and Level Annotations

Branches:
Dungeon (3/15)

Altars:


Innate Abilities, Weirdness & Mutations

You are immune to sickness and miasma.
You are immune to poison.
Your flesh is very heat resistant. (rF++)
You are vulnerable to cold. (rC-)
You float through the air rather than walking.
You learn spells naturally, not from books.
Your magical power is your life essence.
You have superior vitality. (+4 MHP)


Message History

* * * LOW HITPOINT WARNING * * *
You hit the orc. Your punch misses the orc.
The orc is severely wounded.
Your transformation is almost over.
The orc hits you with a +0 dagger.
* * * LOW HITPOINT WARNING * * *
You hit the orc.
You kill the orc!
You hit the orc but do no damage.
The orc is severely wounded.
The orc hits you with a +0 mace.
* * * LOW HITPOINT WARNING * * *
You closely miss the orc. You headbutt the orc, but do no damage.
The orc is heavily wounded.
The orc barely misses you.
Your horns disappear.
An orc breaks down the door.
You see here a +4 dagger.
An endoplasm comes into view.
There is a stone staircase leading up here.
The orc hits you with a +0 mace.
* * * LOW HITPOINT WARNING * * *
You fly upwards.
There is a stone staircase leading down here.
Casting: Beastly Appendage (safe; 9% risk of failure)
Confirm with . or Enter, or press ? or * to list all spells.
Okay, then.
What are your orders? t - Shout!
Orders for allies: a - Attack new target. r - Retreat! s - Stop attacking. g - Guard the area. f - Follow me.
Anything else - Cancel.
Okay, then.
Casting: Beastly Appendage (safe; 9% risk of failure)
Confirm with . or Enter, or press ? or * to list all spells.
Your blood is infused with primal strength.
* * * LOW HITPOINT WARNING * * *
The orc hits you with a +0 mace!
You die...

##########
#........#
#.######.# #># #.#
#.######.######
#.............#
#####....####.##
#@o........#######
#...>.............
#.....###..#####..
#...........####..
##...#.##.÷....'..
#<..#.###'#####..
##..#.#.....# #..
#..#.#.....# #..
#..#.#.....###..


You could see an orc.

Vanquished Creatures
  3 adders (D:2)
  A worm (D:3)
  2 dart slugs (D:2)
  5 orcs (D:3)
  5 bats
  2 endoplasms
  A giant cockroach (D:2)
  4 goblins
  3 hobgoblins
  4 jackals (D:1)
  A quokka (D:2)
  5 ball pythons
  A frilled lizard (D:2)
  5 kobolds
  8 rats
50 creatures vanquished.

Notes
Turn   | Place    | Note
-------+----------+-------------------------------------------
     0 | D:1      | 101zpm the Djinni Transmuter began the quest for the Orb.
     0 | D:1      | Reached XP level 1. HP: 17/17 MP: 0/0
   298 | D:1      | Reached XP level 2. HP: 17/22 MP: 0/0
  1180 | D:2      | Reached XP level 3. HP: 23/27 MP: 0/0
  1180 | D:2      | Learned a level 1 spell: Pain
  2013 | D:2      | Reached XP level 4. HP: 26/32 MP: 0/0
  2128 | D:2      | Reached skill level 4 in Unarmed Combat
  2259 | D:3      | Found a faded altar of an unknown god.
  3677 | D:3      | HP: 1/32 [orc/+0 mace (3)]
  3741 | D:2      | Slain by an orc

Illustrated notes

Levels and vault maps discovered:
D:1:      nzn_arrival_crosshair, layout_rooms
D:2:      layout_basic
D:3:      layout_basic, nicolae_ecumenical_pavilion, grunt_decor_mini_mirrors,
          hex_intersection, minmay_pentomino_pile, uniq_grinder

Skill      XL: |  1  2  3  4 |
---------------+-------------+-----
Unarmed Combat | 4 |  4.1
Spellcasting   | 2 |  2.0
Fighting       | |  1.1
Throwing       | |  0.5
Dodging        | |  2.8
Stealth        | |  0.8
Evocations     | |  0.1

Action                   |  1- 3 |  4- 6 || total
-------------------------+-------+-------++-------
Melee: Unarmed           |   123 |    59 ||   182
       Headbutt          |     3 |     2 ||     5
       Punch             |     1 |       ||     1
Throw: Dart              |    21 |    18 ||    39
       Javelin           |       |    10 ||    10
 Cast: Beastly Appendage |     7 |     2 ||     9
       Wereblood         |     4 |     5 ||     9
       Pain              |       |     1 ||     1
Evoke: Wand              |       |     4 ||     4
 Stab: Sleeping          |     1 |       ||     1
Armor: Robe              |    16 |    16 ||    32
Dodge: Dodged            |    59 |    32 ||    91
